Map: Invader LE

Players

Yossarian

  • Race: Zerg Zerg
  • League: Diamond

blackxored - Winner!

  • Race: Zerg Zerg
  • League: Platinum

VOD

Have the link to the VOD?

Description

Time

  • Played on: June 30, 2016, 6:57 a.m.
  • Length: 12:54
Show
View Real Time Build Order
Export as new Build Order

Yossarian Zerg 

Build Orders: Hatch First 

Get SALT Encoding   

  12  0:01  Drone  
  13  0:09  Drone  
  14  0:17  Overlord  
  14  0:36  Drone x3  
  17  0:55  Hatchery  
  17  0:57  Drone  
  17  1:01  Drone  
  18  1:04  Extractor  
  17  1:17  Spawning Pool  
  16  1:20  Drone  
  16  1:23  Drone  
  18  1:30  Drone  
  19  1:51  Overlord  
  19  2:07  Queen x2  
  23  2:09  Metabolic Boost  
  23  2:11  Zergling x2  
  24  2:18  Zergling x4  
  24  2:20  Drone  
  28  2:37  Drone x3  
  28  2:38  Baneling Nest  
  28  2:42  Drone x2  
  31  2:50  Zergling x2  
  32  2:54  Zergling x2  
  33  3:03  Drone x2  
  35  3:21  Drone  
  35  3:22  Overlord  
  35  3:26  Overlord  
  36  3:30  Overlord  
  36  3:31  Drone  
  36  3:40  Overlord, Evolution Chamber  
  35  3:41  Zergling x2  
  35  3:42  Zergling x2  
  35  3:43  Zergling x2  
  35  3:46  Zergling x2, Hatchery  
  38  3:51  Baneling x3  
  38  3:59  Queen  
  40  4:08  Zerg Ground Armor Level 1  
  40  4:16  Zergling x10  
  45  4:27  Overlord, Drone x3  
  48  4:34  Zergling x4  
  48  4:35  Zergling x2  
  51  4:39  Drone  
  52  4:48  Baneling x3  
  52  5:10  Zergling x2  
  46  5:16  Zergling x12  
  46  5:17  Zergling x8  
  55  5:24  Queen  
  55  5:26  Drone x4  
  61  5:29  Zergling x2  
  62  5:38  Baneling  
  62  5:40  Zergling x2  
  62  5:41  Overlord  
  63  5:44  Overlord  
  63  5:48  Baneling x3  
  63  6:03  Zerg Melee Weapons Level 1  
  58  6:11  Zergling x2, Baneling x2  
  58  6:13  Zergling x2  
  58  6:16  Overlord  
  59  6:19  Drone x3  
  60  6:35  Zergling x2  
  60  6:36  Zergling x2  
  60  6:38  Zergling x4  
  60  6:39  Zergling x2  
  58  6:47  Zergling x4  
  57  6:56  Zergling x16  
  57  6:57  Zergling x8  
  57  7:01  Extractor, Lair  
  68  7:02  Extractor  
  68  7:03  Extractor  
  68  7:04  Extractor  
  68  7:05  Extractor  
  68  7:06  Drone  
  68  7:07  Zergling x2  
  66  7:08  Overlord  
  65  7:26  Spore Crawler  
  65  7:28  Spore Crawler x2  
  65  7:29  Spore Crawler x2  
  57  7:31  Spore Crawler  
  57  7:32  Drone  
  57  7:43  Drone  
  57  7:44  Drone x3  
  61  7:51  Overlord  
  61  7:59  Spore Crawler  
  61  8:02  Queen  
  60  8:15  Drone x4  
  60  8:16  Drone  
  60  8:17  Drone  
  66  8:26  Baneling  
  66  8:27  Baneling x5  
  66  8:35  Drone x2  
  65  8:46  Zergling x2  
  59  8:50  Zergling x2  
  59  8:51  Zergling x2  
  60  9:00  Baneling  
  60  9:01  Baneling x8  
  52  9:06  Zergling x2  
  52  9:07  Zergling x2, Baneling x3  
  44  9:13  Spire  
  42  9:21  Overlord  
  42  9:42  Zergling x4  
  42  9:43  Overlord  
  40  10:09  Overlord  
  39  10:24  Mutalisk x7  
  53  10:31  Mutalisk  
  50  10:50  Mutalisk  
  50  10:51  Mutalisk  
  54  10:59  Drone  
  54  11:01  Mutalisk  
  54  11:03  Mutalisk  
  59  11:09  Mutalisk  
  61  11:16  Mutalisk  
  63  11:23  Hatchery  
  63  11:24  Mutalisk  
  64  11:31  Mutalisk  
  66  11:44  Zergling x2  
  67  11:52  Mutalisk  
  65  11:56  Mutalisk  
  67  12:01  Drone x2  
  67  12:06  Mutalisk  
  71  12:15  Infestation Pit  
  70  12:36  Drone  
  73  12:41  Drone x4  
Show
View Real Time Build Order
Export as new Build Order

blackxored Zerg - Winner!

Build Orders: Hatch First 

Get SALT Encoding   

  12  0:01  Drone  
  13  0:08  Drone  
  14  0:17  Overlord  
  14  0:22  Extractor  
  14  0:24  Drone  
  15  0:37  Drone x2  
  17  0:53  Hatchery  
  17  0:56  Drone  
  17  1:00  Drone  
  18  1:11  Extractor  
  18  1:15  Spawning Pool  
  18  1:17  Drone  
  17  1:20  Drone  
  18  1:27  Drone  
  19  1:38  Overlord  
  19  1:49  Drone  
  20  2:02  Zergling x2  
  20  2:03  Queen  
  20  2:05  Queen  
  20  2:06  Zergling x2  
  26  2:10  Spine Crawler  
  26  2:12  Metabolic Boost  
  25  2:15  Zergling x2  
  25  2:20  Drone  
  27  2:32  Zergling x6  
  30  2:39  Baneling Nest  
  29  2:53  Drone x3  
  31  3:06  Drone  
  32  3:29  Hatchery  
  32  3:32  Baneling x3  
  31  3:38  Drone x5  
  31  3:40  Overlord x2  
  36  3:46  Lair  
  36  4:00  Drone x3  
  36  4:01  Drone x3  
  42  4:15  Drone x2  
  44  4:18  Drone  
  44  4:19  Extractor, Drone x2  
  44  4:20  Drone x2  
  44  4:22  Drone  
  44  4:23  Extractor x2  
  46  4:25  Drone  
  46  4:30  Overlord  
  47  4:36  Overlord  
  47  4:41  Queen  
  49  4:48  Drone  
  49  4:49  Spire  
  49  4:51  Zergling x6  
  52  4:58  Baneling x2  
  52  5:11  Zergling x16  
  54  5:23  Zergling x10  
  57  5:37  Baneling x3  
  57  5:40  Drone x4  
  61  5:44  Drone  
  61  5:46  Queen  
  64  5:50  Baneling  
  64  5:51  Baneling  
  64  6:00  Baneling x6  
  62  6:09  Baneling x3  
  59  6:11  Zergling x2  
  59  6:12  Zergling x10  
  59  6:14  Overlord x4  
  59  6:15  Overlord  
  57  6:35  Zergling x18  
  63  6:42  Zergling x4  
  60  6:52  Overlord  
  60  6:54  Baneling x2, Mutalisk  
  60  6:58  Mutalisk x4  
  70  7:06  Mutalisk  
  72  7:26  Mutalisk x2  
  75  7:38  Zergling x14  
  75  7:39  Zergling x4  
  84  7:50  Zerg Flyer Weapons Level 1  
  83  7:53  Hatchery  
  82  8:03  Zergling x4  
  82  8:04  Zergling x12  
  82  8:05  Hatchery  
  89  8:13  Zergling x4  
  89  8:18  Baneling x2  
  89  8:19  Baneling x14  
  91  8:26  Zergling x12  
  91  8:27  Zergling x4  
  95  8:49  Zergling x8  
  99  9:00  Drone x5  
  92  9:09  Zergling x6  
  90  9:15  Drone  
  90  9:16  Drone  
  92  9:17  Queen  
  92  9:19  Queen  
  96  9:27  Mutalisk x2  
  100  9:45  Zerg Flyer Armor Level 1  
  100  9:47  Drone x4  
  100  9:52  Extractor, Drone  
  104  9:53  Extractor  
  103  10:07  Zergling x12  
  103  10:08  Zergling x6  
  112  10:14  Drone x2  
  112  10:15  Drone x2  
  112  10:18  Drone  
  112  10:19  Drone  
  118  10:22  Overlord  
  118  10:32  Extractor  
  118  10:33  Extractor  
  103  10:57  Drone x3  
  103  10:58  Drone x4  
  103  11:00  Mutalisk x2  
  103  11:01  Mutalisk x5  
  103  11:02  Mutalisk  
  126  11:13  Overseer  
  126  11:24  Spore Crawler  
  122  11:33  Overlord x4  
  122  11:38  Overlord x4  
  120  11:53  Mutalisk x2  
  120  11:54  Mutalisk x2  
  120  11:57  Drone  
  120  11:58  Drone  
  120  12:00  Drone  
  131  12:11  Drone x3  
  131  12:13  Mutalisk x2  
  138  12:25  Overlord, Overseer  
  138  12:26  Mutalisk x2  
  138  12:27  Mutalisk  
  144  12:31  Overlord  
Tags
 
Add a new tag
Caveats
  • Supply blocks, unpowered buildings, or Contaminate may cause inaccurate times.
  • Supply counts are checked every 10 seconds.